 Dungeon Crawl Stone Soup version 0.32-a0-7-ge934b4519a (webtiles) character file.

Game seed: 12357900004364864874

97 Laraso the Slasher (level 4, 0/38 HPs)
             Began as a Draconian Monk on Jan 13, 2024.
             Succumbed to a water moccasin's poison
             ... on level 3 of the Dungeon.
             The game lasted 00:03:47 (1649 turns).

Laraso the Slasher (Draconian Monk)                 Turns: 1649, Time: 00:03:47

Health: 0/38       AC:  7    Str: 20    XL:     4   Next: 42%
Magic:  4/4        EV: 12    Int: 10    God:
Gold:   32         SH:  0    Dex: 15    Spells: 3/3 levels left

rFire   . . .        a - +0 falchion
rCold   + + +        c - orb {light}
rNeg    . . .        (body armour unavailable)
rPois   .            (helmet restricted)
rElec   +            (no cloak)
rCorr   .            k - +0 pair of gloves of Ziucav {rElec rC++}
SInv    .            f - +0 pair of boots
Will    .....        d - amulet of the acrobat
Stlth   +            g - ring of protection from cold
HPRegen 0.26/turn    l - +6 ring of strength
MPRegen 0.09/turn

%: acrobat
@: brilliant, lethally poisoned (0 -> -10), attractive, glowing
A: AC +5, unfitting armour, cold-blooded
a: no special abilities


You were on level 3 of the Dungeon.
You visited 1 branch of the dungeon, and saw 3 of its levels.

You collected 52 gold pieces.
You spent 20 gold pieces at shops.

Inventory:

Hand Weapons
 a - a +0 falchion (weapon)
Armour
 c - an orb of light (worn)
 f - a +0 pair of boots (worn)
 k - the +0 pair of gloves of Ziucav (worn) {rElec rC++}
   (You found it on level 2 of the Dungeon)

   rC++:      It greatly protects you from cold.
   rElec:     It insulates you from electricity.
Jewellery
 d - an amulet of the acrobat (around neck)
 g - a ring of protection from cold (left hand)
 l - a +6 ring of strength (right hand)
Scrolls
 e - a scroll of enchant weapon {unknown}
 h - a scroll of fog
 m - a scroll of fear {unknown}
Potions
 b - a potion of ambrosia


   Skills:
 - Level 3.2 Fighting
 * Level 5.3 Long Blades
 - Level 2.6 Dodging


You had 3 spell levels left.
You didn't know any spells.
Your spell library was empty.

Dungeon Overview and Level Annotations

Branches:
Dungeon (3/15)

Altars:

Shops:
D:1 ?


Innate Abilities, Weirdness & Mutations

Your plain brown scales are hard. (AC +5)
You cannot fit into any form of body armour.
You are cold-blooded and may be slowed by cold attacks.


Message History

The water moccasin is heavily wounded.
You feel sick.
The water moccasin bites you but does no damage. x2
You slash the water moccasin!
The water moccasin is severely wounded.
You feel sick. The water moccasin misses you.
You hit the water moccasin.
The water moccasin is severely wounded.
You feel sick. The water moccasin closely misses you.
You closely miss the water moccasin.
The water moccasin is severely wounded.
You feel sick. The water moccasin bites you.
You are more poisoned.
The water moccasin poisons you! The water moccasin closely misses you.
You hit the water moccasin.
The water moccasin is almost dead.
You feel very sick. The water moccasin bites you.
You are lethally poisoned!
The water moccasin poisons you!
You closely miss the water moccasin.
The water moccasin is severely wounded.
* * * LOW HITPOINT WARNING * * *
You feel very sick.
The water moccasin barely misses you. x2
You hit the water moccasin.
The water moccasin is almost dead.
* * * LOW HITPOINT WARNING * * *
You feel very sick. The water moccasin bites you.
* * * LOW HITPOINT WARNING * * *
It was a potion of attraction.
You feel attractive to monsters.
* * * LOW HITPOINT WARNING * * *
You feel very sick.
The water moccasin bites you but does no damage.
The water moccasin misses you.
It was a potion of brilliance.
You feel clever all of a sudden.
You die...

... #.. #.## ...
#.......g..#####.#####
#........
..........#.. #......#
#...S...... #......
#..@# #.....
######...#
....#####.....##.#
.................#
....# ###.....####
....# #.......##
#..#.##..#.##..#
#..##.#..##.#..#
.##)...##....##....#


You could see a water moccasin.

Vanquished Creatures
  2 gnolls (D:3)
  An adder (D:3)
  3 dart slugs (D:1)
  3 orcs (D:2)
  3 endoplasms
  2 giant cockroaches (D:2)
  4 goblins
  5 hobgoblins
  7 kobolds
  3 quokkas
  10 ball pythons
  9 bats
  2 frilled lizards
  5 rats (D:1)
59 creatures vanquished.

Notes
Turn   | Place    | Note
-------+----------+-------------------------------------------
     0 | D:1      | Laraso the Draconian Monk began the quest for the Orb.
     0 | D:1      | Reached XP level 1. HP: 19/19 MP: 1/1
   164 | D:1      | Reached XP level 2. HP: 19/26 MP: 2/2
   299 | D:1      | Reached skill level 4 in Long Blades
   381 | D:1      | Reached XP level 3. HP: 31/31 MP: 3/3
   531 | D:1      | Found Zaycoel's Magic Scroll Emporium.
   535 | D:1      | Bought a scroll of identify for 20 gold pieces
   976 | D:2      | Identified the +0 pair of gloves of Ziucav {rElec rC++}
  1074 | D:2      | Found a faded altar of an unknown god.
  1557 | D:3      | Reached skill level 5 in Long Blades
  1557 | D:3      | Reached XP level 4. HP: 30/38 MP: 4/4
  1631 | D:3      | Noticed a water moccasin
  1649 | D:3      | Succumbed to a water moccasin's poison

Illustrated notes

Levels and vault maps discovered:
D:1:      dpeg_arrival_court, layout_loops_ring, serial_shops,
          nicolae_shop_hallway_stairs
D:2:      layout_loops_ring, chequers_ecumenical_altar_simple
D:3:      layout_basic, nicolae_eternal_life

Skill      XL: |  1  2  3 |
---------------+----------+-----
Long Blades    | 4 5 |  5.3
Fighting       | |  3.2
Dodging        | |  2.6

Action                     |  1- 3 |  4- 6 || total
---------------------------+-------+-------++-------
  Melee: Falchion          |   110 |    21 ||   131
         Tailslap          |    12 |     3 ||    15
    Use: Scroll            |     2 |       ||     2
         Potion            |       |     2 ||     2
 Armour: Skin              |    44 |    14 ||    58
  Dodge: Dodged            |    69 |    14 ||    83

Table legend: (Time is in decaauts)
 A = Elapsed time spent in this place.
 B = Non-inter-level travel time spent in this place.
 C = Inter-level travel time spent in this place.
 D = Time resting spent in this place.
 E = Time spent auto-exploring this place.
 F = Levels seen in this place.
 G = Mean time per level.
                   A        B        C        D        E       F      G
               +--------+--------+--------+--------+--------+-----+--------+
         Total |   1658 |   1579 |     79 |     49 |   1198 |   3 |  552.7 |
       Dungeon |   1658 |   1579 |     79 |     49 |   1198 |   3 |  552.7 |
               +--------+--------+--------+--------+--------+-----+--------+

Top non-repeatable levels by time:
     D:1: 827 daAuts
     D:2: 675 daAuts
     D:3: 154 daAuts
